 Dungeon Crawl Stone Soup version 0.21-a0-346-g330ab2c (webtiles) character file.

408 mopl the Skirmisher (level 6, -3/53 HPs)
             Began as a Gnoll Berserker on Oct 5, 2017.
             Was a Believer of Trog.
             Splashed by a jelly's acid (4 damage)
             ... on level 4 of the Dungeon.
             The game lasted 00:04:10 (3251 turns).

mopl the Skirmisher (Gnoll Berserker)               Turns: 3251, Time: 00:04:11

Health: -3/53      AC: -7    Str: 20    XL:     6   Next: 88%
Magic:  9/9        EV: 14    Int:  9    God:    Trog [**....]
Gold:   125        SH:  0    Dex: 16    Spells: 9/9 levels left

rFire    . . .     SeeInvis +   a - +0 mace
rCold    . . .     Gourm    .   (no shield)
rNeg     . . .     Faith    .   h - -2 ring mail (curse)
rPois    .         Spirit   .   (no helmet)
rElec    .         Reflect  .   (no cloak)
rCorr    .         Harm     .   (no gloves)
MR       .....                  (no boots)
Stlth    ++........             (no amulet)
HPRegen  0.17/turn              q - ring of stealth
MPRegen  0.11/turn              u - ring of see invisible

@: corroded, berserk cooldown, slowed, very slow
A: distributed training, fangs 1, strong nose
a: Berserk, Trog's Hand, Burn Spellbooks, Renounce Religion


You were on level 4 of the Dungeon.
You worshipped Trog.
Trog was pleased with you.
You were very hungry.

You visited 1 branch of the dungeon, and saw 4 of its levels.

You collected 125 gold pieces.

Inventory:

Hand Weapons
 a - a +0 mace (weapon)
 s - a +0 hand crossbow
 z - a +0 hunting sling
Missiles
 n - 5 needles of sleeping
 o - 7 javelins (quivered)
 v - 106 stones
 w - 17 bolts
 y - 28 sling bullets
 A - 35 arrows
 F - 4 tomahawks
Armour
 b - a +0 animal skin
 h - a cursed -2 ring mail (worn)
 x - a +0 scale mail
Jewellery
 k - an uncursed ring of fire
 q - a ring of stealth (left hand)
 u - a ring of see invisible (right hand)
Wands
 C - a wand of iceblast (4/15)
Scrolls
 d - 3 scrolls of magic mapping {unknown}
 e - a scroll of immolation {unknown}
 f - 7 scrolls of identify {unknown}
 g - 2 scrolls of remove curse {unknown}
 i - 2 scrolls of enchant weapon {unknown}
 j - a scroll of random uselessness {unknown}
 r - a scroll of fog {unknown}
 D - a scroll of teleportation {unknown}
Potions
 l - 4 potions of curing {unknown}
 m - a potion of berserk rage {unknown}
 p - a potion of ambrosia {unknown}
 t - 2 potions of mutation {unknown}
 B - a potion of agility {unknown}
Comestibles
 c - a bread ration
 E - a royal jelly
 G - 3 meat rations
 H - 6 chunks of flesh


   Skills:
 + Level 6.9 Fighting
 + Level 2.1 Short Blades
 + Level 2.1 Long Blades
 + Level 2.1 Axes
 + Level 6.9 Maces & Flails
 + Level 2.1 Polearms
 + Level 2.1 Staves
 + Level 2.1 Slings
 + Level 2.1 Bows
 + Level 2.1 Crossbows
 + Level 2.1 Throwing
 + Level 5.0 Armour
 + Level 5.0 Dodging
 + Level 2.1 Stealth
 + Level 2.1 Shields
 + Level 2.1 Unarmed Combat
 + Level 2.1 Spellcasting
 + Level 2.1 Conjurations
 + Level 2.1 Hexes
 + Level 2.1 Charms
 + Level 2.1 Summonings
 + Level 2.1 Necromancy
 + Level 2.1 Translocations
 + Level 2.1 Transmutations
 + Level 2.1 Fire Magic
 + Level 2.1 Ice Magic
 + Level 2.1 Air Magic
 + Level 2.1 Earth Magic
 + Level 2.1 Poison Magic
 + Level 2.1 Invocations
 + Level 2.1 Evocations


You had 9 spell levels left.
You didn't know any spells.

Dungeon Overview and Level Annotations

Branches:
Dungeon (4/15)
 Temple: D:4-7

Altars:
Trog


Innate Abilities, Weirdness & Mutations

Your experience applies equally to all skills.
You have very sharp teeth.
Your uncanny sense of smell can sniff out nearby items.


Message History

The acid burns!
You hit the jelly.
Your hands burn!
Your bite misses the jelly.
The jelly is severely wounded.
The jelly closely misses you. The jelly hits you. The acid corrodes you!
You are splashed with acid!
The acid burns!
* * * LOW HITPOINT WARNING * * *
You hit the jelly. The acid corrodes you!
Your hands burn!
* * * LOW HITPOINT WARNING * * *
The jelly is almost dead.
The jelly barely misses you. The jelly misses you.
You hit the jelly but do no damage.
Your hands burn!
* * * LOW HITPOINT WARNING * * *
The jelly is almost dead.
The jelly jiggles.
The jelly hits you.
* * * LOW HITPOINT WARNING * * *
You are splashed with acid!
The acid burns!
* * * LOW HITPOINT WARNING * * *
You hit the jelly but do no damage.
Your hands burn!
You die...

#...#........
#. #.#..#
#..#.###.#####
#.###.#...
#............#
#..)....##
##.#.###.###.#
##....##..
#.#.......#.#
#.....# ##
###.#####.#.#.#
#..##.#
#.......#.#...#
#..#<.#
#.#.###.#J#J###
#^)#..#
#.#.###.#.#@#
#..####
#...#...#.###
#.....#
#.###.#.###.#
#####.###.#
#.......# ...
......#.#.#
#####..##
##...<..# #..)#
.# #......#
#.#)###.#
#......#
#..)....#
##...#.#
####.##.# ###
#.###.##


You could see a jelly.

Vanquished Creatures
  The ghost of 4thArraOfDagon the Skirmisher, a weakling HOEn (D:4)
  2 howler monkeys (D:4)
  An orc priest (D:4)
  2 orc wizards
  4 worker ants (D:4)
  A hound skeleton (D:4)
  An adder (D:4)
  2 oozes
  A worm (D:3)
  A dart slug (D:1)
  A leopard gecko (D:2)
  14 orcs
  4 giant cockroaches
  5 goblins
  9 hobgoblins
  2 quokkas
  A ball python (D:2)
  7 bats
  5 frilled lizards
  2 kobolds (D:1)
  7 rats
73 creatures vanquished.

Notes
Turn   | Place    | Note
-------+----------+-------------------------------------------
     0 | D:1      | mopl the Gnoll Berserker began the quest for the Orb.
     0 | D:1      | Reached XP level 1. HP: 23/23 MP: 1/1
   137 | D:1      | Reached XP level 2. HP: 4/29 MP: 2/2
   869 | D:1      | Reached XP level 3. HP: 35/35 MP: 3/3
  1821 | D:3      | Reached skill level 1 in Short Blades
  1821 | D:3      | Reached skill level 1 in Long Blades
  1821 | D:3      | Reached skill level 1 in Axes
  1821 | D:3      | Reached skill level 1 in Polearms
  1821 | D:3      | Reached skill level 1 in Staves
  1821 | D:3      | Reached skill level 1 in Slings
  1821 | D:3      | Reached skill level 1 in Bows
  1821 | D:3      | Reached skill level 1 in Crossbows
  1821 | D:3      | Reached skill level 1 in Throwing
  1821 | D:3      | Reached skill level 1 in Stealth
  1821 | D:3      | Reached skill level 1 in Shields
  1821 | D:3      | Reached skill level 1 in Unarmed Combat
  1821 | D:3      | Reached skill level 1 in Spellcasting
  1821 | D:3      | Reached skill level 1 in Conjurations
  1821 | D:3      | Reached skill level 1 in Hexes
  1821 | D:3      | Reached skill level 1 in Charms
  1821 | D:3      | Reached skill level 1 in Summonings
  1821 | D:3      | Reached skill level 1 in Necromancy
  1821 | D:3      | Reached skill level 1 in Translocations
  1821 | D:3      | Reached skill level 1 in Transmutations
  1821 | D:3      | Reached skill level 1 in Fire Magic
  1821 | D:3      | Reached skill level 1 in Ice Magic
  1821 | D:3      | Reached skill level 1 in Air Magic
  1821 | D:3      | Reached skill level 1 in Earth Magic
  1821 | D:3      | Reached skill level 1 in Poison Magic
  1821 | D:3      | Reached skill level 1 in Invocations
  1821 | D:3      | Reached skill level 1 in Evocations
  1829 | D:3      | Reached ** piety under Trog
  1829 | D:3      | Reached XP level 4. HP: 41/41 MP: 5/5
  2634 | D:4      | Found a bloodstained altar of Trog.
  2651 | D:4      | Reached XP level 5. HP: 16/47 MP: 5/7
  2945 | D:4      | Reached XP level 6. HP: 51/53 MP: 8/8
  3182 | D:4      | Reached skill level 5 in Armour
  3182 | D:4      | Reached skill level 5 in Dodging
  3212 | D:4      | Noticed 4thArraOfDagon's ghost (weakling HOEn)
  3213 | D:4      | Reached skill level 2 in Short Blades
  3213 | D:4      | Reached skill level 2 in Long Blades
  3213 | D:4      | Reached skill level 2 in Axes
  3213 | D:4      | Reached skill level 2 in Polearms
  3213 | D:4      | Reached skill level 2 in Staves
  3213 | D:4      | Reached skill level 2 in Slings
  3213 | D:4      | Reached skill level 2 in Bows
  3213 | D:4      | Reached skill level 2 in Crossbows
  3213 | D:4      | Reached skill level 2 in Throwing
  3213 | D:4      | Reached skill level 2 in Stealth
  3213 | D:4      | Reached skill level 2 in Shields
  3213 | D:4      | Reached skill level 2 in Unarmed Combat
  3213 | D:4      | Reached skill level 2 in Spellcasting
  3213 | D:4      | Reached skill level 2 in Conjurations
  3213 | D:4      | Reached skill level 2 in Hexes
  3213 | D:4      | Reached skill level 2 in Charms
  3213 | D:4      | Reached skill level 2 in Summonings
  3213 | D:4      | Reached skill level 2 in Necromancy
  3213 | D:4      | Reached skill level 2 in Translocations
  3213 | D:4      | Reached skill level 2 in Transmutations
  3213 | D:4      | Reached skill level 2 in Fire Magic
  3213 | D:4      | Reached skill level 2 in Ice Magic
  3213 | D:4      | Reached skill level 2 in Air Magic
  3213 | D:4      | Reached skill level 2 in Earth Magic
  3213 | D:4      | Reached skill level 2 in Poison Magic
  3213 | D:4      | Reached skill level 2 in Invocations
  3213 | D:4      | Reached skill level 2 in Evocations
  3228 | D:4      | Killed 4thArraOfDagon's ghost
  3250 | D:4      | HP: 1/53 [acid (8)]
  3251 | D:4      | Splashed by a jelly's acid

Vault maps used:
D:1:      arrival_zaba_pyramid, st_stairs_6, minmay_pentomino_z4
D:3:      minmay_misc_feat_columns
D:4:      bloody_trog

Skill      XL: |  1  2  3  4  5  6 |
---------------+-------------------+-----
Short Blades   | 1 2 |  2.1
Long Blades    | 1 2 |  2.1
Axes           | 1 2 |  2.1
Polearms       | 1 2 |  2.1
Staves         | 1 2 |  2.1
Slings         | 1 2 |  2.1
Bows           | 1 2 |  2.1
Crossbows      | 1 2 |  2.1
Throwing       | 1 2 |  2.1
Stealth        | 1 2 |  2.1
Shields        | 1 2 |  2.1
Unarmed Combat | 1 2 |  2.1
Spellcasting   | 1 2 |  2.1
Conjurations   | 1 2 |  2.1
Hexes          | 1 2 |  2.1
Charms         | 1 2 |  2.1
Summonings     | 1 2 |  2.1
Necromancy     | 1 2 |  2.1
Translocations | 1 2 |  2.1
Transmutations | 1 2 |  2.1
Fire Magic     | 1 2 |  2.1
Ice Magic      | 1 2 |  2.1
Air Magic      | 1 2 |  2.1
Earth Magic    | 1 2 |  2.1
Poison Magic   | 1 2 |  2.1
Invocations    | 1 2 |  2.1
Evocations     | 1 2 |  2.1
Armour         | 5 |  5.0
Dodging        | 5 |  5.0
Fighting       | |  6.9
Maces & Flails | |  6.9

Action                   |  1- 3 |  4- 6 || total
-------------------------+-------+-------++-------
Melee: Mace              |    95 |    93 ||   188
       Bite              |     6 |    14 ||    20
Invok: Berserk           |     2 |     4 ||     6
 Stab: Sleeping          |     1 |     2 ||     3
  Eat: Chunk             |     4 |     3 ||     7
       Bread ration      |       |     1 ||     1
Armor: Animal skin       |    10 |       ||    10
       Ring mail         |    11 |    12 ||    23
Dodge: Dodged            |    78 |    70 ||   148

Table legend:
 A = Spawn XP
 B = Non-spawn XP
 C = Spawn XP percentage of total XP
 D = Spawn monster count
 E = Non-spawn monster count
 F = Spawn count percentage of total count
 G = Total turns spent on level
                    A         B        C        D         E        F      G
               +---------+---------+-------+---------+---------+-------+---------
         Total |       0 |     584 |   0.0 |       0 |      73 |   0.0 |  3251
               +---------+---------+-------+---------+---------+-------+---------
           D:1 |       0 |      36 |   0.0 |       0 |      22 |   0.0 |  1290
           D:2 |       0 |      30 |   0.0 |       0 |      15 |   0.0 |   767
           D:3 |       0 |      66 |   0.0 |       0 |      13 |   0.0 |   577
           D:4 |       0 |     452 |   0.0 |       0 |      23 |   0.0 |   617
               +---------+---------+-------+---------+---------+-------+---------
